 Dungeon Crawl Stone Soup version 0.17-a0-1056-g838d5c0 (webtiles) character file.

86 Lugonue the Charmwright (level 4, -6/23 HPs)
             Began as a Vine Stalker Skald on May 16, 2015.
             Was an Initiate of Okawaru.
             Mangled by a gnoll
             ... wielding a +0 spear
              (7 damage)
             ... on level 3 of the Dungeon.
             The game lasted 00:04:24 (1843 turns).

Lugonue the Charmwright (Vine Stalker Skald)        Turns: 1843, Time: 00:04:25

Health: -6/23      AC:  3    Str: 14    XL:     4   Next: 50%
Magic:  0/8        EV: 11    Int: 12    God:    Okawaru [......]
Gold:   143        SH:  0    Dex: 15    Spells: 2 memorised, 5 levels left

rFire  . . .     SeeInvis .     a - +0 falchion
rCold  . . .     Clarity  .     b - +0 leather armour
rNeg   . . .     SustAb   .     (no shield)
rPois  .         Gourm    .     (no helmet)
rElec  .         Spirit   +     (no cloak)
rCorr  .         Warding  .     (no gloves)
rMut   .         Stasis   .     (no boots)
MR     .....                    (no amulet)
Stlth  +.........               (no ring)
                                (no ring)

@: infused (expiring), not resistant to hostile enchantments, very unstealthy
A: fangs 2, regeneration 1, magic shield, antimagic bite, no device heal 3, rot
immunity
a: Renounce Religion


You were on level 3 of the Dungeon.
You worshipped Okawaru.
Okawaru was noncommittal.
You were not hungry.

You visited 1 branch of the dungeon, and saw 3 of its levels.

You collected 143 gold pieces.

Inventory:

Hand weapons
 a - a +0 falchion (weapon)
Armour
 b - a +0 leather armour (worn)
Scrolls
 e - a scroll of amnesia {unknown}
 f - a scroll of magic mapping {unknown}
 g - a scroll of fear {unknown}
 k - a scroll of identify {unknown}
 l - 3 scrolls of fog {unknown}
 m - a scroll of enchant armour {unknown}
 o - a scroll of blinking {unknown}
Potions
 h - a potion of flight {unknown}
 i - 3 potions of brilliance {unknown}
 j - 2 potions of heal wounds {unknown}
 p - a potion of haste {unknown}
Books
 c - a book of Battle

   Spells                             Type                      Level
   a - Infusion                       Charms                       1
   b - Shroud of Golubria             Charms/Translocation         2
   c - Song of Slaying                Charms                       2
   d - Spectral Weapon                Hexes/Charms                 3
   e - Regeneration                   Charms/Necromancy            3
Comestibles
 d - 2 bread rations


   Skills:
 + Level 1.9 Fighting
 + Level 2.2 Long Blades
 + Level 1.2 Armour
 + Level 1.3 Dodging
 + Level 0.6 Stealth
 + Level 2.6 Spellcasting
 + Level 3.8 Charms
 + Level 0.6 Translocations


You had 5 spell levels left.
You knew the following spells:

 Your Spells              Type           Power        Failure   Level  Hunger
a - Infusion              Chrm           ##....       10%         1    #......
b - Shroud of Golubria    Chrm/Tloc      #.........   21%         2    ###....


Dungeon Overview and Level Annotations

Branches:
Dungeon (3/15)

Altars:
Okawaru


Innate Abilities, Weirdness & Mutations

You have extremely sharp teeth.
Your natural rate of healing is unusually fast.
When hurt, damage is shared between your health and your magic reserves.
Your bite disrupts and absorbs the magic of your enemies.
Potions and wands cannot restore your health.
You are immune to rotting.


Message History

Eat a chunk of flesh? (ye/n/q/i?) This raw flesh tastes terrible.
You continue eating. x2
There is a stone staircase leading down here.
Your shroud begins to fray at the edges.
You climb downwards.
The gnoll hits you with a spear.
There is a stone staircase leading up, spattered with blood here.
You hit the worm. You bite the worm, but do no damage.
The worm is moderately wounded.
Your shroud bends the gnoll's attack away.
The worm bites you!
Your magical infusion is running out.
The gnoll hits you but does no damage.
You hit the gnoll.
The gnoll is lightly wounded.
The gnoll hits you with a spear!
* * * LOW HITPOINT WARNING * * *
Your shroud falls apart!
The gnoll hits you from afar with a spear!
You die...

#...........# #...........#
#...........
#...#.....#############
.....................#
#########.....##.....####.#
#..............wg.....# #.#
#.###.................# #.# #.#
#.........@.......# #.# #.#
#.................###.##... #.#
#.......##.............w... #.#
#.......##................. #.#
#.......##..#.............. #.#
#.......##..#..............
##.###############.......#.(....
#........).........###.#####....
###########.....#### #.# ....


You could see a worm and a gnoll.

Vanquished Creatures
  2 adders (D:2)
  3 gnolls
  A worm (D:2)
  A giant gecko (D:1)
  2 bats
  3 hobgoblins (D:1)
  8 jackals
  7 kobolds
  2 quokkas (D:2)
  A giant cockroach (D:1)
  2 giant newts (D:1)
  4 goblins
  4 rats (D:1)
40 creatures vanquished.

Notes
Turn   | Place    | Note
--------------------------------------------------------------
     0 | D:1      | Lugonue the Vine Stalker Skald began the quest for the Orb.
     0 | D:1      | Reached XP level 1. HP: 11/11 MP: 4/4
    47 | D:1      | Reached XP level 2. HP: 6/15 MP: 4/6
   321 | D:1      | Learned a level 2 spell: Shroud of Golubria
   604 | D:1      | Reached skill level 1 in Armour
   604 | D:1      | Reached skill level 1 in Dodging
   605 | D:1      | Reached XP level 3. HP: 15/18 MP: 7/7
   799 | D:2      | Found an iron altar of Okawaru.
   825 | D:2      | Became a worshipper of Warmaster Okawaru
  1599 | D:2      | Reached XP level 4. HP: 16/23 MP: 1/8
  1719 | D:3      | HP: 1/23 [gnoll/flail (12)]
  1842 | D:3      | HP: 1/23 [gnoll/spear (7)]
  1843 | D:3      | Mangled by a gnoll

Vault maps used:
D:1:      dpeg_arrival_tiny_k
D:2:      okawaru_trees_2
D:3:      cheibrodos_ashenzari_chains, uniq_terence

Action                   |  1- 3 |  4- 6 || total
-------------------------+-------+-------++-------
Melee: Falchion          |    98 |    13 ||   111
 Cast: Infusion          |     5 |     2 ||     7
       Shroud of Golubri |     5 |     2 ||     7
 Stab: Sleeping          |     1 |       ||     1
  Eat: Chunk             |     2 |     2 ||     4
